 Dungeon Crawl Stone Soup version 0.19-a0-450-g98b348d (webtiles) character file.

26500 Amnesiac the Devastator (level 12, 0/74 HPs)
             Began as a Mummy Wizard on June 1, 2016.
             Was a High Priest of Vehumet.
             Slain by a komodo dragon (34 damage)
             ... on level 4 of the Lair of Beasts.
             The game lasted 00:52:09 (21953 turns).

Amnesiac the Devastator (Mummy Wizard)             Turns: 21953, Time: 00:52:09

Health: 0/74       AC: 10    Str: 10    XL:     12   Next: 98%
Magic:  18/26      EV: 12    Int: 25    God:    Vehumet [*****.]
Gold:   409        SH:  0    Dex: 11    Spells: 8 memorised, 13 levels left

rFire  . . .     SeeInvis .     k - +0 blowgun
rCold  + . .     Gourm    .     a - +0 robe
rNeg   + + +     Faith    .     (no shield)
rPois  ∞         Spirit   .     u - +1 helmet
rElec  .         Dismiss  .     H - +4 cloak of Nihilism {rCorr}
rCorr  +         Reflect  .     (no gloves)
SustAt .         Harm     +     i - +0 pair of boots
MR     +++..                    g - amulet of harm
Stlth  ++........               U - ring of the Mage {Wiz MR++ Int+3}
                                Q - ring of protection from fire

@: repel missiles, extremely resistant to hostile enchantments, unstealthy
A: no food or potions, fire vulnerability, cold resistance 1, negative energy
resistance 3, torment resistance, unbreathing
a: Renounce Religion


You were on level 4 of the Lair of Beasts.
You worshipped Vehumet.
Vehumet was extremely pleased with you.
You were not hungry.

You visited 3 branches of the dungeon, and saw 16 of its levels.
You also visited: Labyrinth.

You collected 694 gold pieces.
You spent 285 gold pieces at shops.

Inventory:

Hand Weapons
 k - a +0 blowgun (weapon)
 n - a +2 hand axe of chopping
 E - a +1 trident of venom
 R - the +9 great mace of Qimockuha {crush, MP+9 Str+4 Stlth+, unknown}
   (You found it in a labyrinth)

   It inflicts extra damage upon your enemies.
   It affects your strength (+4).
   It affects your magic capacity (+9).
   It makes you more stealthy.
 S - the cursed +1 halberd "Tuel" {drain, Int+3 Dex+3, unknown}
   (You found it in a labyrinth)

   A truly terrible weapon, it drains the life of those it strikes.
   It affects your intelligence (+3).
   It affects your dexterity (+3).
   It has a curse placed upon it.
Missiles
 d - 3 curare-tipped needles
 l - 31 poisoned needles (quivered)
 v - 2 javelins of penetration
Armour
 a - a +0 robe (worn)
 i - a +0 pair of boots (worn)
 u - a +1 helmet (worn)
 H - the +4 cloak of Nihilism (worn) {rCorr}
   (You found it on level 1 of the Lair of Beasts)

   It protects you from acid and corrosion.
 T - a +3 leather armour of cold resistance
Magical Staves
 P - an uncursed staff of cold {unknown}
Rods
 q - a +3 rod of inaccuracy (13/13)
   (You took it off a minotaur in a labyrinth)
Jewellery
 g - an amulet of harm (around neck)
 p - an uncursed amulet of magic regeneration
 A - an uncursed ring of protection from magic
 J - an uncursed ring of resist corrosion
 Q - a ring of protection from fire (left hand)
 U - the ring of the Mage (right hand) {Wiz MR++ Int+3}
   (You found it in a labyrinth)

   [ring of wizardry]

   It improves your spell success rate.
   It affects your intelligence (+3).
   It affects your resistance to hostile enchantments.
Wands
 t - a wand of paralysis (13/24)
 w - a wand of random effects (0/48)
 x - a wand of flame (17/48)
 F - a wand of acid (8/15)
 G - a wand of paralysis (9/24)
 K - a wand of slowing (14/48)
 L - a wand of paralysis (6/24)
 N - a wand of confusion (35/48)
 O - a wand of polymorph (9/24)
Scrolls
 b - 4 scrolls of magic mapping
 e - 3 scrolls of immolation
 f - 3 scrolls of fog {unknown}
 h - 3 scrolls of amnesia {unknown}
 j - 3 scrolls of enchant armour
 m - 3 scrolls of teleportation
 o - 3 scrolls of recharging
 r - 9 scrolls of remove curse
 s - a scroll of fear
 y - 4 scrolls of identify
 B - a scroll of vulnerability {unknown}
 C - a scroll of torment {unknown}
 I - a scroll of random uselessness {unknown}
 V - a scroll of acquirement {unknown}
Books
 c - a book of Minor Magic

   Spells                             Type                      Level
   a - Magic Dart                     Conjuration                  1
   b - Blink                          Translocation                2
   c - Call Imp                       Summoning                    2
   d - Repel Missiles                 Charms/Air                   2
   e - Slow                           Hexes                        2
   f - Conjure Flame                  Conjuration/Fire             3
   g - Mephitic Cloud                 Conjuration/Poison/Air       3
 z - a Necronomicon

   Spells                             Type                      Level
   a - Haunt                          Necromancy/Summoning         7
   b - Borgnjor's Revivification      Necromancy                   8
   c - Death's Door                   Charms/Necromancy            8
   d - Necromutation                  Transmutation/Necromancy     8
 D - a book of the Tempests

   Spells                             Type                      Level
   a - Static Discharge               Conjuration/Air              3
   b - Lightning Bolt                 Conjuration/Air              5
   c - Fireball                       Conjuration/Fire             5
   d - Tornado                        Air                          9
   e - Shatter                        Earth                        9
 M - a book of Cantrips

   Spells                             Type                      Level
   a - Corona                         Hexes                        1
   b - Animate Skeleton               Necromancy                   1
   c - Summon Small Mammal            Summoning                    1
   d - Apportation                    Translocation                1


   Skills:
 - Level 1.5 Dodging
 - Level 1.5 Stealth
 - Level 10.0 Spellcasting
 + Level 15.6 Conjurations
 - Level 0.7 Summonings
 - Level 0.7 Translocations


You had 13 spell levels left.
You knew the following spells:

 Your Spells              Type           Power        Failure   Level  Hunger
a - Repel Missiles        Chrm/Air       ##....       4%          2    N/A
b - Blink                 Tloc           N/A          3%          2    N/A
c - Magic Dart            Conj           ####         0%          1    N/A
d - Call Imp              Summ           ###.....     3%          2    N/A
e - Mephitic Cloud        Conj/Pois/Air  #####...     1%          3    N/A
f - Iskenderun's Mystic   Conj           ######..     1%          4    N/A
s - Conjure Flame         Conj/Fire      ######..     1%          3    N/A
z - Flame Tongue          Conj/Fire      #####        1%          1    N/A

Dungeon Overview and Level Annotations

Branches:
Dungeon (10/15)            Temple (1/1) D:4            Lair (5/8) D:10
 Spider (0/4) Lair:3
  Swamp: Lair:3-6    Shoals: Lair:3-6       Orc: D:9-12

Altars:
Ashenzari
Cheibriados
Dithmenos
Elyvilon
Fedhas
Gozag
Hepliaklqana
Kikubaaqudgha
Makhleb
Nemelex Xobeh
Okawaru
Pakellas
Qazlal
Ru
Sif Muna
Trog
Uskayaw
Vehumet
Xom
Yredelemnul
Zin
The Shining One

Shops:
D:6 [   D:7 ?


Innate Abilities, Weirdness & Mutations

You do not eat or drink.
Your flesh is vulnerable to fire.
You are immune to poison.
Your flesh is cold resistant. (rC+)
You are immune to negative energy. (rN+++)
You are immune to unholy pain and torment.
You can survive without breathing.


Message History

The komodo dragon bites you!
Casting: Flame Tongue
Confirm with . or Enter, or press ? or * to list all spells.
Aiming: Flame Tongue
Press: ? - help, Shift-Dir - straight line, f/p - komodo dragon
Aim: a komodo dragon (almost dead)
The flame tongue hits the komodo dragon.
The komodo dragon appears unharmed.
The komodo dragon is almost dead.
The komodo dragon closely misses you.
Casting: Flame Tongue
Confirm with . or Enter, or press ? or * to list all spells.
Aiming: Flame Tongue
Press: ? - help, Shift-Dir - straight line, f/p - komodo dragon
Aim: a komodo dragon (almost dead)
The flame tongue hits the komodo dragon.
The komodo dragon appears unharmed.
The komodo dragon is almost dead.
The komodo dragon bites you!!
You die...

*,,,,**,*,,**** ###P
*#.,*****,#.#,#####** ##
*...,* **,..,....#,* #
**#.#* **,,..,......# ##
*,#.#**,,,#.#PP###.##*#.
**,#.##,,,#..........##.
***#..,,**P............
##l#####........#.#.
#P.@..†.>..........>
##P#.###.......).##.
####.#........#**##
*###.......# ####..###
*#.# *##


You could see a komodo dragon.

Vanquished Creatures
  2 hydras
  A minotaur (Lab)
  5 death yaks (Lair:1)
  2 unseen horrors (D:10)
  A hill giant (D:10)
  Pikel (D:4)
  An oklob plant (Lair:2)
  An elephant (Lair:3)
  A black mamba (Lair:1)
  2 gargoyles (D:10)
  4 spiny frogs
  8 komodo dragons
  Eustachio (D:4)
  A queen bee (D:8)
  The ghost of Ajdolov the Covert, a novice SpAs of Uskayaw (D:5)
  Prince Ribbit (Lair:2)
  7 blink frogs
  Grinder (D:3)
  Sigmund (D:3)
  4 redbacks (Lair:3)
  The ghost of Bronet the Sneak, an amateur VSEn (D:4)
  7 yaks
  A wyvern (D:9)
  9 hippogriffs
  A steam dragon (D:10)
  A basilisk (Lair:1)
  A hungry ghost (D:9)
  5 water moccasins
  10 porcupines
  2 ice beasts
  5 sky beasts
  4 phantoms
  3 orc warriors
  A slave (D:4)
  A black bear (D:9)
  8 wolves
  6 centaurs
  4 ogres
  3 crocodiles
  5 big kobolds (D:8)
  4 giant frogs
  A gnoll sergeant (D:10)
  A wyvern zombie (D:10)
  A water moccasin zombie (D:8)
  2 scorpions
  6 worker ants
  11 killer bees (D:8)
  10 wights (D:9)
  A howler monkey (D:4)
  5 crimson imps
  6 hounds
  A quasit (D:9)
  A centaur zombie (D:8)
  7 orc priests
  4 jellies
  3 giant frog skeletons
  13 iguanas
  10 orc wizards
  A hell rat (D:10)
  A sheep (Lair:5)
  A hound skeleton (D:10)
  5 howler monkey skeletons
  11 adders
  44 river rats
  5 oozes
  An adder skeleton (D:4)
  2 worms
  4 dart slugs (D:1)
  8 giant geckos
  42 orcs
  7 giant cockroaches
  11 goblins
  8 hobgoblins
  4 jackals (D:2)
  3 quokkas
  3 ball pythons
  11 bats
  A giant gecko skeleton (D:5)
  3 giant newts
  2 jackal skeletons
  24 kobolds
  9 rats
  A butterfly (D:4)
  3 fungi
  A plant (Lair:2)
427 creatures vanquished.

Vanquished Creatures (collateral kills)
  2 killer bees (D:8)
2 creatures vanquished.

Vanquished Creatures (others)
  3 slaves (D:4)
  A killer bee (D:8)
  An ooze (D:4)
  A giant gecko (D:4)
  6 fungi
  5 plants (Lair:1)
17 creatures vanquished.

Grand Total: 446 creatures vanquished

Notes
Turn   | Place    | Note
--------------------------------------------------------------
     0 | D:1      | Amnesiac the Mummy Wizard began the quest for the Orb.
     0 | D:1      | Reached XP level 1. HP: 13/13 MP: 4/4
    82 | D:1      | Reached skill level 1 in Conjurations
   165 | D:2      | Found a glowing golden altar of the Shining One.
   209 | D:2      | Reached XP level 2. HP: 6/19 MP: 0/6
   575 | D:2      | Learned a level 2 spell: Call Imp
   584 | D:2      | Reached skill level 2 in Conjurations
   857 | D:2      | Reached XP level 3. HP: 17/24 MP: 0/7
   862 | D:2      | Learned a level 3 spell: Mephitic Cloud
  1338 | D:2      | Reached skill level 3 in Conjurations
  1651 | D:3      | Reached XP level 4. HP: 30/30 MP: 5/8
  1682 | D:3      | Learned a level 3 spell: Conjure Flame
  1790 | D:4      | HP: 1/30 [orc priest/trident (7)]
  1937 | D:3      | Noticed a centaur
  2213 | D:3      | Noticed Grinder
  2298 | D:3      | Noticed Sigmund
  2352 | D:3      | Killed Sigmund
  2352 | D:3      | Reached skill level 4 in Conjurations
  2352 | D:3      | Reached XP level 5. HP: 29/35 MP: 4/9
  2432 | D:3      | Paralysed by Grinder for 5 turns
  2760 | D:2      | Found a white marble altar of Elyvilon.
  2854 | D:3      | Killed a centaur
  2854 | D:3      | Reached skill level 5 in Conjurations
  2854 | D:3      | Reached XP level 6. HP: 34/41 MP: 4/10
  2977 | D:3      | Paralysed by Grinder for 3 turns
  2981 | D:3      | Killed Grinder
  2981 | D:3      | Reached skill level 6 in Conjurations
  2981 | D:3      | Reached XP level 7. HP: 45/46 MP: 0/11
  3210 | D:4      | Found a staircase to the Ecumenical Temple.
  3246 | Temple   | Entered the Ecumenical Temple
  3267 | Temple   | Became a worshipper of Vehumet
  4487 | D:3      | Found a faded altar of an unknown god.
  4496 | D:3      | Reached * piety under Vehumet
  4496 | D:3      | Offered knowledge of Sting by Vehumet.
  4694 | D:4      | Noticed Pikel
  4700 | D:4      | Killed Pikel
  4700 | D:4      | Reached skill level 8 in Conjurations
  4700 | D:4      | Reached XP level 8. HP: 52/52 MP: 5/12
  4852 | D:4      | Noticed Bronet's ghost (amateur VSEn)
  4863 | D:4      | Killed Bronet's ghost
  5496 | D:4      | Noticed Eustachio
  5499 | D:4      | Reached skill level 9 in Conjurations
  5524 | D:4      | Killed Eustachio
  5611 | D:5      | Entered Level 5 of the Dungeon
  5800 | D:5      | Noticed Ajdolov's ghost (novice SpAs)
  6177 | D:5      | Killed Ajdolov's ghost
  6177 | D:5      | Reached XP level 9. HP: 48/57 MP: 0/13
  6339 | D:5      | Found a burning altar of Makhleb.
  6543 | D:5      | Found a stormy altar of Qazlal.
  6665 | D:5      | Reached skill level 10 in Conjurations
  7117 | D:5      | Found an opulent altar of Gozag.
  7390 | D:6      | Found a sacrificial altar of Ru.
  7565 | D:6      | Learned a level 2 spell: Repel Missiles
  7568 | D:6      | Learned a level 2 spell: Blink
  7641 | D:6      | Found Jeyve's Antique Armour Boutique.
  7759 | D:6      | Reached ** piety under Vehumet
  7759 | D:6      | Offered knowledge of Flame Tongue by Vehumet.
  7774 | D:5      | Learned a level 1 spell: Flame Tongue
  7942 | D:6      | Bought a distressingly furry helmet for 285 gold pieces
  7955 | D:6      | Identified the +0 helmet of Calculation {Dex+4} (You bought it in a shop on level 6 of the Dungeon)
  8000 | D:6      | Found an oddly glowing altar of Pakellas.
  8487 | D:7      | Found a glowing silver altar of Zin.
  8784 | D:7      | Reached skill level 5 in Spellcasting
  8981 | D:7      | Found a bloodstained altar of Trog.
  8995 | D:7      | Found Qeffos's Magic Scroll Shoppe.
  9894 | D:8      | Reached skill level 11 in Conjurations
  9910 | D:8      | Offered knowledge of Throw Flame by Vehumet.
 10034 | D:8      | Reached XP level 10. HP: 63/63 MP: 15/18
 10238 | D:8      | Reached *** piety under Vehumet
 10575 | D:8      | Found a hide-covered altar of Uskayaw.
 10639 | D:8      | Found a deep blue altar of Sif Muna.
 10695 | D:8      | Found an iron altar of Okawaru.
 10697 | D:8      | Found a deep blue altar of Sif Muna.
 10698 | D:8      | Found a shadowy altar of Dithmenos.
 11119 | D:9      | Offered knowledge of Throw Icicle by Vehumet.
 11526 | D:9      | Found an opulent altar of Gozag.
 11922 | D:9      | Reached skill level 12 in Conjurations
 12336 | D:10     | Entered Level 10 of the Dungeon
 12401 | D:10     | Noticed a gargoyle
 12630 | D:9      | Reached **** piety under Vehumet
 12931 | D:10     | Killed a gargoyle
 13340 | D:10     | Offered knowledge of Lee's Rapid Deconstruction by Vehumet.
 13382 | D:10     | Reached XP level 11. HP: 39/68 MP: 18/22
 13534 | D:10     | HP: 2/68 [gargoyle/mace (12)]
 14135 | D:10     | Found a staircase to the Lair.
 14161 | D:10     | Killed an unseen horror
 14337 | D:10     | Noticed a hill giant
 14355 | D:10     | Killed a hill giant
 14585 | D:10     | Killed an unseen horror
 14585 | D:10     | Reached skill level 13 in Conjurations
 14866 | D:10     | Found a shattered altar of Ashenzari.
 15192 | Lair:1   | Entered Level 1 of the Lair of Beasts
 15295 | Lair:1   | Noticed a death yak
 15300 | Lair:1   | Noticed a death yak
 15302 | Lair:1   | Noticed a death yak
 15303 | Lair:1   | Noticed a death yak
 15305 | Lair:1   | Killed a death yak
 15306 | Lair:1   | Noticed a death yak
 15367 | Lair:1   | Killed a death yak
 15679 | Lair:1   | Killed a death yak
 15909 | Lair:1   | Got a steaming cloak
 15910 | Lair:1   | Reached ***** piety under Vehumet
 15913 | Lair:1   | Offered knowledge of Iskenderun's Mystic Blast by Vehumet.
 15919 | Lair:1   | Learned a level 4 spell: Iskenderun's Mystic Blast
 15983 | Lair:1   | Reached skill level 10 in Spellcasting
 16169 | Lair:1   | Killed a death yak
 16182 | Lair:1   | Killed a death yak
 16186 | Lair:1   | Reached XP level 12. HP: 51/74 MP: 8/26
 16574 | Lair:2   | Noticed Prince Ribbit
 16925 | Lair:2   | Found a blossoming altar of Fedhas.
 16991 | Lair:2   | Reached skill level 14 in Conjurations
 17105 | Lair:2   | Noticed a seven-headed hydra
 17105 | Lair:2   | Killed Prince Ribbit
 17108 | Lair:2   | Killed a seven-headed hydra
 19093 | Lair:3   | Reached skill level 15 in Conjurations
 19834 | Lair:3   | Found a hole to the Spider Nest.
 20211 | Lair:4   | Found a labyrinth entrance.
 20220 | Lab      | Entered a labyrinth
 20811 | Lab      | Identified the +4 cloak of Nihilism {rCorr} (You found it on level 1 of the Lair of Beasts)
 21217 | Lab      | Noticed a minotaur
 21233 | Lab      | Killed a minotaur
 21324 | Lab      | Got a crystal great mace
 21324 | Lab      | Got a pitted halberd
 21445 | Lair:4   | Noticed an eight-headed hydra
 21804 | Lair:4   | Killed an eight-headed hydra
 21953 | Lair:4   | Slain by a komodo dragon

Vault maps used:
D:1:      saegor_arrival_simple_f
D:2:      tso_oasis_becter, marbit_many_paths
D:3:      ecumenical_altar_2, minivault_14, uniq_sigmund, uniq_grinder
D:4:      minmay_temple_entry_butterflies, nicolae_ossuary_entry_ruins,
          uniq_pikel, uniq_eustachio
D:5:      makhleb_blood_cavern_becter, basic_altar, first_bread,
          grunt_gozag_breadcrumbs
D:6:      hangedman_ru_absence, serial_shops, nicolae_shop_trees,
          grunt_pakellas_basics
D:7:      kennysheep_little_box, kennysheep_mini, serial_shops, shop_fountains
D:8:      lemuel_doored_altar, minitemple, basic_altar, special_room,
          david_nohive_1
D:9:      overflow_temple_1_default
D:10:     dpeg_lair_monsters, basic_altar, small_statue_alley_b
Temple:   triangle_lava_temple_11
Lair:1:   st_stairs_11, infiniplex_staircase_pool, lemuel_fruit_tree
Lair:2:   beast_lair_carwin_large_1, ldierk_geyser, tgw_fedhas,
          serial_bayou_shore_b, uniq_prince_ribbit2
Lair:3:   spider_nest_entry_funnel_web, st_stairs_11
Lair:4:   lab_entry_generic, grunt_forest_stairs_basic
Lair:5:   serial_bayou_pond_b, serial_bayou_ford_a

Skill      XL: |  1  2  3  4  5  6  7  8  9 10 11 12 |
---------------+-------------------------------------+-----
Conjurations   | 1 2 3 4 5 6 8 9 11 12 13 15 | 15.6
Spellcasting   | 5 7 10 | 10.0
Dodging        | |  1.5
Stealth        | |  1.5
Summonings     | |  0.7
Translocations | |  0.7

Action                   |  1- 3 |  4- 6 |  7- 9 | 10-12 || total
-------------------------+-------+-------+-------+-------++-------
Melee: Unarmed           |    13 |       |       |       ||    13
       Short sword       |    21 |    13 |       |       ||    34
       Hand axe          |       |       |     9 |       ||     9
       Blowgun           |       |       |     3 |    11 ||    14
       Trident           |       |       |       |    14 ||    14
 Fire: Blowgun           |       |    34 |    48 |    40 ||   122
 Cast: Magic Dart        |    70 |    50 |   314 |    33 ||   467
       Call Imp          |     1 |       |       |       ||     1
       Mephitic Cloud    |     1 |     7 |    10 |    21 ||    39
       Conjure Flame     |       |       |     8 |    41 ||    49
       Flame Tongue      |       |       |    96 |   641 ||   737
       Repel Missiles    |       |       |     1 |     2 ||     3
       Iskenderun's Myst |       |       |       |    92 ||    92
       Blink             |       |       |       |     2 ||     2
Evoke: Wand              |       |       |       |    10 ||    10
  Use: Scroll            |       |       |     9 |     7 ||    16
 Stab: Confused          |       |     2 |     1 |       ||     3
Armor: Robe              |     8 |    12 |    76 |   114 ||   210
Dodge: Dodged            |    38 |    37 |   106 |   201 ||   382
       Deflected         |       |       |     1 |     1 ||     2
